 Dungeon Crawl Stone Soup version 0.20-a0-930-gbddf555 (webtiles) character file.

87 polly the Ruffian (level 4, -3/33 HPs)
             Began as a Demonspawn Gladiator on Mar 30, 2017.
             Slain by an adder (4 damage)
             ... on level 3 of the Dungeon.
             The game lasted 00:01:53 (1945 turns).

polly the Ruffian (Demonspawn Gladiator)            Turns: 1945, Time: 00:01:53

Health: -3/33      AC:  5    Str: 15    XL:     4   Next: 28%
Magic:  4/4        EV: 13    Int: 10    God:
Gold:   97         SH:  0    Dex: 14    Spells: 3/3 levels left

rFire    + . .     SeeInvis .     - Unarmed
rCold    + . .     Gourm    .   (no shield)
rNeg     . . .     Faith    .   a - +0 leather armour
rPois    +         Spirit   .   b - +0 helmet
rElec    +         Reflect  .   (no cloak)
rCorr    +         Harm     .   (no gloves)
MR       .....                  h - +0 pair of boots
Stlth    ++........             (no amulet)
Regen    0.2/turn               (no ring)
MPRegen  0.1/turn               (no ring)

@: resistant
A: claws 1, nightstalker 1
a: no special abilities


You were on level 3 of the Dungeon.
You were not hungry.

You visited 1 branch of the dungeon, and saw 3 of its levels.

You collected 97 gold pieces.

Inventory:

Missiles
 c - 3 throwing nets (quivered)
Armour
 a - a +0 leather armour (worn)
 b - a +0 helmet (worn)
 h - a +0 pair of boots (worn)
Scrolls
 i - a scroll of blinking {unknown}
 j - a scroll of amnesia {unknown}
 k - 2 scrolls of remove curse {unknown}
 l - 3 scrolls of random uselessness {unknown}
 n - a scroll of fear {unknown}
Potions
 e - a potion of brilliance {unknown}
 m - a potion of mutation {unknown}
Comestibles
 d - 3 bread rations
 g - 3 meat rations
 o - 2 chunks of flesh


   Skills:
 + Level 2.2 Fighting
 - Level 1.7 Throwing
 + Level 0.5 Armour
 + Level 3.2 Dodging
 * Level 4.0 Unarmed Combat


You had 3 spell levels left.
You didn't know any spells.

Dungeon Overview and Level Annotations

Branches:
Dungeon (3/15)

Altars:
Dithmenos
Okawaru

Annotations:
D:3 Robin


Innate Abilities, Weirdness & Mutations

You have sharp fingernails.
You are slightly more attuned to the shadows.


Message History

Unknown command.
Unknown command.
Unknown command.
The goblin hits you. The goblin closely misses you.
Robin throws the goblin at you! The goblin hits you but does no damage.
The goblin completely misses you. Robin throws the goblin at you!
The goblin hits you with a dagger. The goblin closely misses you.
The goblin barely misses you.
You open the large door. The adder bites you but does no damage.
The goblin hits you.
* * * LOW HITPOINT WARNING * * *
The goblin hits you with a dagger.
* * * LOW HITPOINT WARNING * * *
The adder barely misses you. Robin throws the goblin at you!
It was a potion of resistance.
You feel protected. The goblin barely misses you. The goblin hits you.
* * * LOW HITPOINT WARNING * * *
The adder bites you.
You die...

..........######
............
.........######
.....######...
..####.###....##.....#
###... .
#...'....)......+
......
####''####.##.....#
##.[.
#≈≈≈..≈≈≈#.##.....#
#...
#≈......≈#........#
#...
#≈.#..#)≈#gg......#
#...
+........g@gg.....#
####
+........ggS......#
#≈)#..#)≈#..gg..%.#
#≈......≈#........#
#≈≈≈..≈≈≈#........#
###++####........#
#.....s..#


You could see Robin, an adder, a giant cockroach (wandering), a hobgoblin and 7
goblins.

Vanquished Creatures
  2 adders (D:2)
  2 worms (D:2)
  3 leopard geckos (D:3)
  2 giant cockroaches (D:1)
  10 goblins
  8 hobgoblins
  2 jackals (D:1)
  5 kobolds
  7 bats
  4 frilled lizards
  11 rats
56 creatures vanquished.

Notes
Turn   | Place    | Note
-------+----------+-------------------------------------------
     0 | D:1      | polly the Demonspawn Gladiator began the quest for the Orb.
     0 | D:1      | Reached XP level 1. HP: 16/16 MP: 1/1
   174 | D:1      | Reached skill level 3 in Unarmed Combat
   262 | D:1      | Gained mutation: You have sharp fingernails. [demonic ancestry]
   262 | D:1      | Reached XP level 2. HP: 22/22 MP: 2/2
   790 | D:2      | Reached XP level 3. HP: 21/27 MP: 3/3
   907 | D:2      | Found a shadowy altar of Dithmenos.
  1336 | D:2      | Reached skill level 4 in Unarmed Combat
  1348 | D:2      | Gained mutation: You are slightly more attuned to the shadows. [demonic ancestry]
  1348 | D:2      | Reached XP level 4. HP: 33/33 MP: 4/4
  1498 | D:3      | Found an iron altar of Okawaru.
  1935 | D:3      | Noticed Robin
  1945 | D:3      | HP: 1/33 [goblin[Robin] (2)]
  1945 | D:3      | Slain by an adder

Vault maps used:
D:1:      minmay_arrival_cross
D:2:      nicolae_dithmenos_shadow_blocks
D:3:      lemuel_crystal_altar, first_bread, kennysheep_generic_room_6,
          uniq_robin

Skill      XL: |  1  2  3 |
---------------+----------+-----
Unarmed Combat | 3 4 |  4.0
Dodging        | 3 |  3.2
Fighting       | |  2.2
Throwing       | |  1.7
Armour         | |  0.5

Action                   |  1- 3 |  4- 6 || total
-------------------------+-------+-------++-------
Melee: Unarmed           |   154 |    36 ||   190
       Punch             |     2 |       ||     2
  Use: Potion            |       |     1 ||     1
 Stab: Sleeping          |       |     3 ||     3
       Distracted        |       |     1 ||     1
  Eat: Chunk             |     1 |     2 ||     3
Armor: Leather armour    |    46 |    18 ||    64
Dodge: Dodged            |    95 |    29 ||   124
